 Dungeon Crawl Stone Soup version 0.21-b1-21-g86478ac (webtiles) character file.

65 FastMan the Skirmisher (level 4, -3/29 HPs)
             Began as a Gargoyle Berserker on Jan 5, 2018.
             Was a Believer of Trog.
             Splashed by Ijyb's acid (13 damage)
             ... on level 3 of the Dungeon.
             The game lasted 00:00:44 (905 turns).

FastMan the Skirmisher (Gargoyle Berserker)          Turns: 905, Time: 00:00:45

Health: -3/29      AC:  1    Str: 21    XL:     4   Next: 13%
Magic:  4/4        EV: 12    Int:  8    God:    Trog [**....]
Gold:   34         SH:  0    Dex:  9    Spells: 3/3 levels left

rFire    + . .     SeeInvis .   a - +0 hand axe
rCold    + . .     Gourm    .   (no shield)
rNeg     + . .     Faith    .   b - +0 animal skin
rPois    ∞         Spirit   .   (no helmet)
rElec    +         Reflect  .   f - scarf {rC+ rF+}
rCorr    .         Harm     .   (no gloves)
MR       .....                  (no boots)
Stlth    +.........             (no amulet)
HPRegen  0.09/turn              (no ring)
MPRegen  0.09/turn              (no ring)

@: corroded
A: negative energy resistance 1, electricity resistance, unbreathing,
petrification resistance, rot immunity, AC +3
a: Berserk, Trog's Hand, Burn Spellbooks, Renounce Religion


You were on level 3 of the Dungeon.
You worshipped Trog.
Trog was pleased with you.
You were not hungry.

You visited 1 branch of the dungeon, and saw 3 of its levels.

You collected 34 gold pieces.

Inventory:

Hand Weapons
 a - a +0 hand axe (weapon)
Armour
 b - a +0 animal skin (worn)
 f - a scarf of resistance (worn)
Jewellery
 j - an uncursed amulet of faith {unknown}
Scrolls
 d - a scroll of blinking {unknown}
 g - a scroll of identify {unknown}
 h - a scroll of teleportation {unknown}
Potions
 e - 2 potions of curing {unknown}
Comestibles
 c - 6 rations
 i - 3 chunks of flesh


   Skills:
 + Level 4.1 Fighting
 * Level 3.9 Axes
 - Level 2.1 Armour
 - Level 1.5 Dodging


You had 3 spell levels left.
You didn't know any spells.

Dungeon Overview and Level Annotations

Branches:
Dungeon (3/15)

Altars:

Annotations:
D:3 Ijyb


Innate Abilities, Weirdness & Mutations

You are resistant to torment.
Your stone body is resilient. (AC +3)
You are immune to poison.
You resist negative energy. (rN+)
You are resistant to electric shocks. (rElec)
You can survive without breathing.
You are immune to petrification.
You are immune to rotting.


Message History

Found a stone staircase leading down.
No target in view!
Ijyb the Twisted Goblin comes into view.
Ijyb shouts!
Ijyb zaps a wand.
The bolt of acid misses you.
It is a wand of acid (3).
Found 13 gold pieces.
You hit Ijyb.
Ijyb is moderately wounded.
Ijyb closely misses you.
Ijyb is nearby!
You closely miss Ijyb.
Ijyb is moderately wounded.
Ijyb barely misses you.
Ijyb is nearby!
You hit Ijyb but do no damage.
Ijyb is moderately wounded.
Ijyb zaps a wand.
The bolt of acid hits you!
Ouch! That really hurt!
The acid corrodes you!
You are splashed with acid!
The acid burns!
You die...

#.#..# #...>.....#####.#.#
#.#..###....#............#
#.#.........#....#####.###
#.#.###########..# #.#
#.#.#.#.#######..# #.#
....#<...^.......# #.######
#.#####.#######..#####......#
#.....÷..#.................##
..#####÷##.#####@###########
#.# #.# #>g..$... ..# #.#
######### ### #.# #.# #.# #.#
#.#


You could see Ijyb.

Vanquished Creatures
  4 adders
  A dart slug (D:2)
  A leopard gecko (D:1)
  4 bats
  3 giant cockroaches
  2 goblins
  2 hobgoblins (D:1)
  2 jackals (D:3)
  A frilled lizard (D:3)
  4 kobolds
  2 rats
26 creatures vanquished.

Vanquished Creatures (others)
  A kobold (D:2)
  A quokka (D:2)
2 creatures vanquished.

Grand Total: 28 creatures vanquished

Notes
Turn   | Place    | Note
-------+----------+-------------------------------------------
     0 | D:1      | FastMan the Gargoyle Berserker began the quest for the Orb.
     0 | D:1      | Reached XP level 1. HP: 14/14 MP: 1/1
   136 | D:1      | Reached XP level 2. HP: 12/19 MP: 2/2
   413 | D:2      | Reached XP level 3. HP: 17/24 MP: 3/3
   729 | D:3      | Reached ** piety under Trog
   729 | D:3      | Reached skill level 4 in Fighting
   831 | D:3      | Reached XP level 4. HP: 24/29 MP: 4/4
   902 | D:3      | Noticed Ijyb
   905 | D:3      | Splashed by Ijyb's acid

Skill      XL: |  1  2  3 |
---------------+----------+-----
Axes           | 3 |  3.9
Fighting       | 4 |  4.1
Armour         | |  2.1
Dodging        | |  1.5

Action                   |  1- 3 |  4- 6 || total
-------------------------+-------+-------++-------
Melee: Hand axe          |   101 |    11 ||   112
Armor: Animal skin       |    42 |     7 ||    49
Dodge: Dodged            |    94 |     9 ||   103
